 Dungeon Crawl Stone Soup version 0.26.1-11-gd32895ea62 (webtiles) character file.

Game seed: 11199359762413220981

3969 Elvor the Basher (level 10, 0/60 HPs)
             Began as a Gargoyle Delver on Apr 14, 2021.
             Was a Believer of Okawaru.
             Slain by a yak (11 damage)
             ... on level 9 of the Dungeon.
             The game lasted 01:18:07 (8669 turns).

Elvor the Basher (Gargoyle Delver)                  Turns: 8669, Time: 01:18:07

Health: 0/60       AC: 23    Str: 23    XL:     10   Next: 22%
Magic:  19/19      EV: 13    Int: 15    God:    Okawaru [**....]
Gold:   165        SH:  0    Dex: 15    Spells: 5/9 levels left

rFire    . . .     SeeInvis .   f - +2 flail (protect)
rCold    . . .     Faith    .   (no shield)
rNeg     + . .     Spirit   .   A - +4 robe of Augmentation {Str+4 Int+4 Dex+4}
rPois    ∞         Reflect  .   b - +0 helmet
rElec    +         Harm     .   t - +0 cloak
rCorr    .         Rampage  .   (no gloves)
Will     .....                  U - +0 pair of boots
Stlth    ++++......             (no amulet)
HPRegen  0.20/turn              i - ring of magical power
MPRegen  0.16/turn              R - ring of wizardry

@: protection aura
A: negative energy resistance 1, electricity resistance, unbreathing,
petrification resistance, miasma immunity, AC +7
a: Renounce Religion, Heroism


You were on level 9 of the Dungeon.
You worshipped Okawaru.
Okawaru was pleased with you.
You visited 2 branches of the dungeon, and saw 10 of its levels.
You also visited: Ossuary.

You collected 473 gold pieces.
You spent 308 gold pieces at shops.

Inventory:

Hand Weapons
 a - a +1 mace
 f - a +2 flail of protection (weapon)
 q - a +0 hunting sling
Missiles
 k - 303 stones (quivered)
 m - 161 sling bullets
 r - 6 boomerangs
 L - 5 silver boomerangs
 O - 2 curare-tipped darts
Armour
 b - a +0 helmet (worn)
 t - a +0 cloak (worn)
 u - a +0 plate armour
 A - the +4 robe of Augmentation (worn) {Str+4 Int+4 Dex+4}
   (You found it on level 4 of the Dungeon)

   It affects your strength (+4).
   It affects your intelligence (+4).
   It affects your dexterity (+4).
 U - a +0 pair of boots (worn)
Jewellery
 i - a ring of magical power (left hand)
 R - a ring of wizardry (right hand)
Wands
 g - a wand of digging (3)
 y - a wand of flame (7)
 J - a wand of polymorph (9)
 M - a wand of random effects (1)
 Q - a wand of iceblast (8)
 S - a wand of enslavement (8)
Scrolls
 c - 2 scrolls of fog
 e - 2 scrolls of fear
 h - a scroll of enchant weapon
 j - 5 scrolls of teleportation
 p - 4 scrolls of blinking
 s - 3 scrolls of immolation {unknown}
 v - 8 scrolls of remove curse
 z - 4 scrolls of enchant armour
 D - a scroll of amnesia {unknown}
 G - a scroll of noise {unknown}
 K - a scroll of summoning
Potions
 d - 2 potions of flight
 l - 2 potions of haste
 n - 8 potions of curing
 o - 2 potions of degeneration {unknown}
 w - 2 potions of invisibility {unknown}
 B - 2 potions of mutation {unknown}
 E - a potion of brilliance {unknown}
 F - 2 potions of might {unknown}
 H - a potion of magic {unknown}
 I - a potion of ambrosia {unknown}
 N - 2 potions of heal wounds {unknown}
 P - a potion of berserk rage {unknown}
 T - a potion of cancellation {unknown}


   Skills:
 + Level 6.1 Fighting
 * Level 10.7 Maces & Flails
 + Level 1.2 Polearms
 + Level 3.9 Throwing
 + Level 3.2 Armour
 + Level 3.3 Dodging
 + Level 7.7 Stealth
 + Level 1.7 Evocations


You had 5 spell levels left.
You knew the following spells:

 Your Spells              Type           Power        Failure   Level
a - Passwall              Tmut/Erth      0%           16%         2
b - Swiftness             Air            0%           16%         2

Your spell library contained the following spells:

 Spells                   Type           Power        Failure   Level
 Passage of Golubria      Tloc           N/A          69%         4
 Lee's Rapid Deconstruct  Erth           0%           95%         5
 Invisibility             Hex            0%           100%        6


Dungeon Overview and Level Annotations

Branches:
Dungeon (8/15)             Temple (1/1) D:6         Ossuary (visited)
   Lair: D:8-11

Altars:
Ashenzari
Cheibriados
Dithmenos
Elyvilon
Fedhas
Hepliaklqana
Kikubaaqudgha
Makhleb
Nemelex Xobeh
Okawaru
Qazlal
Ru
Sif Muna
Trog
Uskayaw
Vehumet
Wu Jian
Xom
Yredelemnul
The Shining One

Shops:
D:5 *   D:7 [   D:8 }


Innate Abilities, Weirdness & Mutations

You are resistant to torment.
Your stone body is resilient. (AC +7)
You are immune to poison.
You resist negative energy. (rN+)
You are resistant to electric shocks. (rElec)
You can survive without breathing.
You are immune to petrification.
You are immune to miasma.


Message History

Throw: dart (poison)
Press: ? - help, Q - select action, (/) - cycle Shift-Dir - straight line, f/p - yak
Aim: a yak (lightly wounded, very poisoned, 73% to hit)
You throw a poisoned dart. The poisoned dart hits the yak.
The yak looks even sicker.
The yak is lightly wounded.
You barely miss the yak.
The yak is lightly wounded.
The yak gores you but does no damage.
You hit the yak.
The yak is lightly wounded.
The yak closely misses you.
An adder comes into view.
You completely miss the yak.
The yak is lightly wounded.
The yak gores you but does no damage.
You sock the yak!
The yak is moderately wounded.
The yak gores you!
You die...

.....### ##...#
##.##
#..$###....###...#
#...............##
##...............#
##S...##.........#
#..########..##..#
#.Y# #.####.# ##Y#
### #.# #@# #.#
#.# ### #.# ###


You could see 2 yaks and an adder.

Vanquished Creatures
  Grinder (D:2)
  Prince Ribbit (D:7)
  Sigmund (D:3)
  2 yaks (D:9)
  Eustachio (D:6)
  The ghost of CrazyMind the Grave Robber, an amateur GnNe (D:4)
  A water moccasin (D:8)
  2 sky beasts
  An orc warrior (D:6)
  4 necrophages (D:6)
  An ogre (D:7)
  A centaur (D:7)
  3 bullfrogs
  A water moccasin zombie (D:7)
  2 scorpions
  9 wights
  2 howler monkeys
  A bullfrog zombie (D:5)
  A centaur zombie (D:6)
  A quasit (D:6)
  3 hounds
  2 jellies
  A centaur skeleton (D:7)
  Natasha (thrice) (D:3)
  3 iguanas
  4 orc wizards
  4 worker ants
  A hound zombie (D:6)
  14 mummies (Ossuary)
  A howler monkey zombie (D:6)
  Robin (D:3)
  3 gnolls (D:3)
  12 adders
  2 shadow imps
  2 white imps
  3 ufetubi
  An ooze (D:4)
  An adder zombie (D:7)
  An adder skeleton (D:6)
  3 worms
  3 dart slugs
  5 leopard geckos
  15 orcs
  A ball python (D:1)
  5 giant cockroaches
  14 goblins
  7 hobgoblins
  9 jackals
  2 quokkas
  11 bats
  4 frilled lizards
  A giant cockroach zombie (D:5)
  2 gnoll skeletons (Ossuary)
  3 goblin skeletons (Ossuary)
  2 jackal skeletons (D:4)
  A jackal zombie (D:6)
  6 kobolds
  2 kobold skeletons (Ossuary)
  An orc skeleton (Ossuary)
  7 rats
  11 rat skeletons (Ossuary)
  A bush (D:6)
215 creatures vanquished.

Vanquished Creatures (others)
  An orc wizard (D:5)
  10 plants (D:6)
11 creatures vanquished.

Grand Total: 226 creatures vanquished

Notes
Turn   | Place    | Note
-------+----------+-------------------------------------------
     0 | D:5      | Elvor the Gargoyle Delver began the quest for the Orb.
     0 | D:5      | Reached XP level 1. HP: 14/14 MP: 1/1
    51 | D:4      | Noticed a hound
   116 | D:4      | Reached XP level 2. HP: 14/19 MP: 2/2
   289 | D:4      | Reached XP level 3. HP: 10/23 MP: 3/3
   755 | D:4      | Found a shadowy altar of Dithmenos.
   774 | D:3      | Learned a level 2 spell: Passwall
   890 | D:3      | Reached XP level 4. HP: 29/29 MP: 4/4
   890 | D:3      | Noticed Grinder
  1124 | D:1      | Reached skill level 3 in Maces & Flails
  1179 | D:1      | You fall into a shaft and drop 1 floor!
  1735 | D:1      | Reached skill level 1 in Armour
  1839 | D:1      | Found a broken altar of Ashenzari.
  2264 | D:2      | Reached skill level 1 in Polearms
  2678 | D:2      | Found a sacrificial altar of Ru.
  2928 | D:3      | Paralysed by Grinder for 6 turns
  2937 | D:3      | Paralysed by Grinder for 4 turns
  2947 | D:2      | Paralysed by Grinder for 3 turns
  3352 | D:3      | Reached XP level 5. HP: 25/33 MP: 5/5
  3380 | D:3      | Noticed Robin
  3400 | D:3      | Killed Robin
  3573 | D:3      | Reached XP level 6. HP: 23/38 MP: 6/6
  3775 | D:3      | Reached skill level 4 in Maces & Flails
  3874 | D:3      | Found an ancient bone altar of Kikubaaqudgha.
  3892 | D:3      | Noticed Natasha
  3907 | D:3      | Killed Natasha
  3932 | D:3      | Found an ornate altar of the Wu Jian Council.
  4019 | D:3      | Noticed Sigmund
  4031 | D:3      | Killed Sigmund
  4032 | D:3      | Reached skill level 5 in Maces & Flails
  4032 | D:3      | Reached XP level 7. HP: 43/44 MP: 7/7
  4041 | D:3      | Noticed Natasha
  4045 | D:3      | Killed Natasha
  4046 | D:3      | Reached skill level 1 in Throwing
  4084 | D:3      | Noticed Natasha
  4091 | D:3      | Killed Natasha
  4239 | D:2      | Paralysed by Grinder for 6 turns
  4254 | D:2      | Killed Grinder
  4534 | D:4      | Reached skill level 6 in Maces & Flails
  4777 | D:4      | Found a runed translucent gate.
  4779 | D:4      | Found a runed translucent gate.
  4779 | D:4      | Noticed CrazyMind's ghost (amateur GnNe)
  4781 | D:4      | Found a runed translucent gate.
  4812 | D:4      | Killed CrazyMind's ghost
  4813 | D:4      | Reached XP level 8. HP: 21/48 MP: 8/8
  5017 | D:4      | Found the +4 robe of Augmentation {Str+4 Int+4 Dex+4}
  5405 | D:5      | You fall into a shaft and drop 1 floor!
  5408 | D:6      | Noticed Eustachio
  5414 | D:6      | Found a sand-covered staircase.
  5421 | Ossuary  | Entered an ossuary
  5494 | Ossuary  | Reached skill level 7 in Maces & Flails
  5851 | D:6      | Reached skill level 5 in Fighting
  5851 | D:6      | Reached skill level 8 in Maces & Flails
  6067 | D:5      | Found a white marble altar of Elyvilon.
  6295 | D:5      | Found Joummuzo's General Store.
  6386 | D:5      | Bought a scroll of identify for 28 gold pieces
  6386 | D:5      | Bought a scroll of blinking for 105 gold pieces
  6386 | D:5      | Bought a scroll of teleportation for 42 gold pieces
  6444 | D:5      | Found a faded altar of an unknown god.
  6444 | D:5      | Found a snail-covered altar of Cheibriados.
  6453 | D:5      | Found a radiant altar of Vehumet.
  6458 | D:5      | Found a broken altar of Ashenzari.
  6460 | D:5      | Found a faded altar of an unknown god.
  6512 | D:5      | Reached XP level 9. HP: 54/54 MP: 9/9
  6603 | D:5      | Found a hazy altar of Hepliaklqana.
  6789 | D:5      | Bought a scroll of summoning for 133 gold pieces
  6817 | D:6      | Found an iron altar of Okawaru.
  6823 | D:6      | Became a worshipper of Warmaster Okawaru
  6889 | D:6      | Found a blossoming altar of Fedhas.
  6993 | D:6      | Reached skill level 9 in Maces & Flails
  7269 | D:6      | Reached * piety under Okawaru
  7305 | D:6      | Found a staircase to the Ecumenical Temple.
  7328 | Temple   | Entered the Ecumenical Temple
  7499 | D:6      | Killed Eustachio
  7522 | D:6      | Found a sparkling altar of Nemelex Xobeh.
  7611 | D:7      | Reached skill level 1 in Evocations
  7650 | D:7      | Learned a level 2 spell: Swiftness
  7682 | D:7      | Found Ciocups's Armour Shoppe.
  7686 | D:7      | Noticed Prince Ribbit
  7706 | D:7      | Killed Prince Ribbit
  7707 | D:7      | Reached skill level 10 in Maces & Flails
  8466 | D:8      | Reached XP level 10. HP: 59/60 MP: 10/10
  8477 | D:8      | Found Gousm's Gadget Emporium.
  8502 | D:8      | Found a basalt altar of Yredelemnul.
  8504 | D:8      | You fall into a shaft and drop 1 floor!
  8505 | D:9      | Noticed a cyclops
  8523 | D:9      | Reached ** piety under Okawaru
  8669 | D:9      | Slain by a yak

Illustrated notes

Levels and vault maps discovered:
D:1:      dpeg_cavernosity, layout_loops_ring, minmay_misc_feat_four_crosses,
          minmay_statues_item, evilmike_ruin_ashenzari
D:2:      layout_loops_ring, lemuel_doored_altar
D:3:      layout_basic, nicolae_overflow_crystal_walls,
          kiku_gazebo_garden_becter, serial_curves, eino_curves_03,
          eino_curves_03, grunt_ministairs_8, uniq_robin, uniq_grinder,
          uniq_sigmund, uniq_natasha
D:4:      layout_loops_corners, ebering_ghost_rock_garden,
          nicolae_dithmenos_the_darkroom
D:5:      layout_basic, nzn_hepliaklqana_mist_gate, kennysheep_mini,
          chequers_temple_overflow_minitemple, serial_co_window_serial,
          co_window_corner_a, co_window_corner_a, co_window_paths_a,
          co_window_corner_a, co_window_paths_a, co_window_corner_b,
          co_window_corner_b, co_window_broadway_c, co_window_paths_c,
          glass_columns_a, glass_columns_a, glass_columns_b, glass_columns_b,
          serial_shops, shop, kennysheep_small_square
D:6:      layout_rooms, kennysheep_mini_moat, lemuel_crystal_altar,
          minmay_temple_entry_waves, lightli_ossuary_entry_decrepit_ruins,
          fedhas_altar_decomposition, uniq_eustachio
D:7:      layout_gridville, serial_shops, nicolae_shop_statue_plus,
          uniq_prince_ribbit1
D:8:      layout_loops_ring, pdpol_temple_overflow_zin_treasury_gozag_greed,
          yredelemnul_altar_generic, kennysheep_windowed_goal
D:9:      layout_layer_cave
Temple:   nicolae_temple_figure_zero

Skill      XL: |  1  2  3  4  5  6  7  8  9 |
---------------+----------------------------+-----
Stealth        | 6 7 |  7.7
Maces & Flails | 3 5 6 8 10 | 10.7
Armour         | 2 3 |  3.2
Polearms       | 1 |  1.2
Fighting       | 4 5 6 |  6.1
Throwing       | 2 3 |  3.9
Dodging        | 2 3 |  3.3
Evocations     | 1 |  1.7

Action                   |  1- 3 |  4- 6 |  7- 9 | 10-12 || total
-------------------------+-------+-------+-------+-------++-------
Melee: Mace              |    69 |    71 |       |       ||   140
       Spear             |    85 |   201 |       |       ||   286
       Flail             |       |    49 |   447 |    74 ||   570
Throw: Boomerang         |       |    29 |    34 |       ||    63
       Stone             |       |     4 |       |       ||     4
       Dart              |       |     5 |    44 |     7 ||    56
Evoke: Wand              |       |       |    17 |     2 ||    19
  Use: Potion            |     1 |       |       |       ||     1
       Scroll            |       |     4 |     3 |       ||     7
 Stab: Sleeping          |     1 |     3 |    27 |       ||    31
       Paralysed         |       |       |     1 |       ||     1
Armor: Leather armour    |    19 |       |       |       ||    19
       Scale mail        |    47 |    90 |       |       ||   137
       Chain mail        |       |   124 |    64 |       ||   188
       Robe              |       |       |   165 |    28 ||   193
Dodge: Dodged            |    82 |   168 |   242 |    44 ||   536
